 Dungeon Crawl Stone Soup version 0.30.0-30-g96aa6591b8 (webtiles) character file.

Game seed: 5154260952232677248

82 cdecastro the Grasshopper (level 4, -4/38 HPs)
             Began as an Armataur Warper on June 28, 2023.
             Killed from afar by Ijyb (9 damage)
             ... with a puff of flame
             ... on level 3 of the Dungeon on June 29, 2023.
             The game lasted 00:04:42 (1790 turns).

cdecastro the Grasshopper (Armataur Warper)         Turns: 1790, Time: 00:04:42

Health: -4/38      AC:  4    Str: 17    XL:     4   Next: 21%
Magic:  6/6        EV:  9    Int: 13    God:
Gold:   120        SH:  0    Dex: 17    Spells: 1/6 levels left

rFire   . . .        a - +0 mace
rCold   . . .        (no shield)
rNeg    . . .        b - +0 leather armour
rPois   .            (no helmet)
rElec   .            (no cloak)
rCorr   .            (no gloves)
SInv    .            (no barding)
Will    .....        (no amulet)
Stlth   +            f - +6 ring of dexterity
HPRegen 0.26/turn    (no ring)
MPRegen 0.10/turn

%: roll
@: no status effects
A: large, rugged brown scales 3, deformed body, armoured tail, roll, long
tongue, awkward tongue
a: no special abilities


You were on level 3 of the Dungeon.
You visited 1 branch of the dungeon, and saw 3 of its levels.

You collected 120 gold pieces.

Inventory:

Hand Weapons
 a - a +0 mace (weapon)
Missiles
 d - 6 boomerangs of dispersal (quivered)
Armour
 b - a +0 leather armour (worn)
Jewellery
 f - a +6 ring of dexterity (left hand)
 m - a ring of ice
Scrolls
 c - 2 scrolls of blinking
 e - a scroll of fear {unknown}
 h - a scroll of teleportation {unknown}
 k - a scroll of amnesia {unknown}
 l - a scroll of identify {unknown}
Potions
 g - a potion of mutation {unknown}
 i - a potion of ambrosia {unknown}
 j - 2 potions of haste {unknown}


   Skills:
 - Level 1.7 Fighting
 * Level 3.5 Maces & Flails
 - Level 0.8 Throwing
 - Level 1.2 Armour
 - Level 1.3 Dodging
 - Level 1.7 Spellcasting
 + Level 3.7 Translocations


You had one spell level left.
You knew the following spells:

 Your Spells              Type           Power      Damage    Failure   Level
a - Blink                 Tloc           20%        N/A       10%         2
b - Teleport Other        Tloc           10%        N/A       21%         3

Your spell library contained the following spells:

 Spells                   Type           Power      Damage    Failure   Level
 Lesser Beckoning         Tloc           20%        N/A       10%         2
 Vhi's Electric Charge    Tloc/Air       12%        N/A       41%         3
 Manifold Assault         Tloc           10%        N/A       54%         4


Dungeon Overview and Level Annotations

Branches:
Dungeon (3/15)

Altars:

Annotations:
D:3 Ijyb


Innate Abilities, Weirdness & Mutations

You are completely covered in rugged brown scales. (AC +3, +7% HP)
Armour fits poorly on your strangely shaped body.
You have a long armoured tail.
You roll when moving toward enemies. (Rampage)
Your long tongue fully drains potion bottles. (2x potion effects)
Your tongue gives you trouble enunciating. (1.5x scroll delay)


Message History

Ijyb is moderately wounded.
Ijyb hits you but does no damage.
A frilled lizard comes into view.
The frilled lizard hisses angrily.
You hit Ijyb. You tail-slap Ijyb.
Ijyb is severely wounded.
Ijyb hits you but does no damage. Ijyb hits you with a +0 dagger.
* * * LOW HITPOINT WARNING * * *
You hit Ijyb.
Ijyb is severely wounded.
Ijyb hits you with a +0 dagger.
* * * LOW HITPOINT WARNING * * *
You hit Ijyb but do no damage. You tail-slap Ijyb, but do no damage.
Ijyb is severely wounded.
Ijyb hits you with a +0 dagger.
* * * LOW HITPOINT WARNING * * *
You hit Ijyb but do no damage.
Ijyb is severely wounded.
Ijyb hits you with a +0 dagger.
* * * LOW HITPOINT WARNING * * *
The frilled lizard bites you.
* * * LOW HITPOINT WARNING * * *
You barely miss Ijyb.
Ijyb is severely wounded.
Ijyb hits you but does no damage. The frilled lizard barely misses you.
The frilled lizard bites you but does no damage.
Ijyb zaps a wand.
The puff of flame hits you.
* * * LOW HITPOINT WARNING * * *
Unknown command.
Okay, then.
Unknown command.
Unknown command.
Throw: 7 boomerangs (disperse)
Press: ? - help, Q - select action, (/) - cycle Shift-Dir - straight line, f - Ijyb
Aim: Ijyb, wielding a +0 dagger, wearing a +3 scale mail and carrying a wand of flame (13) (severely wounded, 55% to hit)
You throw a boomerang of dispersal.
The boomerang of dispersal hits Ijyb and shatters, but does no damage.
Ijyb is severely wounded.
The worm completely misses you.
Ijyb zaps a wand.
The puff of flame hits you!
You die...

...........##
............#
............#
............###########.
......#................[
......#.................
##..###..........w......
................@g......
.##########......l......
.#######................
.......#................
......................##
..........###########..#
..........# ...
######....# ..
####......#


You could see Ijyb, a worm and a frilled lizard.

Vanquished Creatures
  2 adders (D:2)
  2 worms (D:2)
  4 dart slugs
  2 bats
  5 endoplasms
  A giant cockroach (D:1)
  3 goblins (D:1)
  5 hobgoblins
  3 jackals (D:1)
  4 quokkas
  5 ball pythons
  3 frilled lizards
  5 kobolds
  5 rats
49 creatures vanquished.

Notes
Turn   | Place    | Note
-------+----------+-------------------------------------------
     0 | D:1      | cdecastro the Armataur Warper began the quest for the Orb.
     0 | D:1      | Reached XP level 1. HP: 18/18 MP: 3/3
   258 | D:1      | Reached XP level 2. HP: 19/25 MP: 4/4
   320 | D:1      | Found a faded altar of an unknown god.
   755 | D:1      | Reached XP level 3. HP: 28/31 MP: 5/5
  1261 | D:2      | Learned a level 2 spell: Blink
  1265 | D:2      | Learned a level 3 spell: Teleport Other
  1421 | D:2      | Reached XP level 4. HP: 38/38 MP: 6/6
  1773 | D:3      | Noticed Ijyb
  1790 | D:3      | Killed from afar by Ijyb

Illustrated notes

Levels and vault maps discovered:
D:1:      elethiomel_arrival_maze, layout_basic,
          shapermc_ecumenical_altar_mp_highgroup, chequers_serial_rivers_large_a
D:2:      layout_basic
D:3:      layout_basic, nicolae_overflow_ecumenical_swirl,
          mainiacjoe_overflow_alcove_2, uniq_ijyb

Skill      XL: |  1  2  3 |
---------------+----------+-----
Maces & Flails | 2 3 |  3.5
Fighting       | |  1.7
Throwing       | |  0.8
Armour         | |  1.2
Dodging        | |  1.3
Spellcasting   | |  1.7
Translocations | |  3.7

Action                     |  1- 3 |  4- 6 || total
---------------------------+-------+-------++-------
  Melee: Mace              |   132 |    26 ||   158
         Tailslap          |    16 |     7 ||    23
         Punch             |     1 |       ||     1
  Throw: Boomerang         |       |     1 ||     1
   Stab: Sleeping          |     1 |       ||     1
 Armour: Leather armour    |    39 |    11 ||    50
  Dodge: Dodged            |    57 |     8 ||    65
